 Dungeon Crawl Stone Soup version 0.22-a0-379-ga9d99d6 (webtiles) character file.

5779 Gildeon the Thaumaturge (level 10, 0/55 HPs)
             Began as a Deep Elf Fire Elementalist on Apr 28, 2018.
             Was a Follower of Sif Muna.
             Slain by an orc warrior
             ... wielding a +0 war axe
              (12 damage)
             ... on level 9 of the Dungeon.
             The game lasted 01:24:43 (11117 turns).

Gildeon the Thaumaturge (DEFE)                     Turns: 11117, Time: 01:24:44

Health: 0/55       AC: 16    Str:  6    XL:     10   Next: 50%
Magic:  8/35       EV: 13    Int: 23    God:    Sif Muna [*.....]
Gold:   487        SH:  0    Dex: 15    Spells: 2/29 levels left

rFire    . . .     SeeInvis +   i - +4 short sword (freeze)
rCold    . . .     Gourm    .   (no shield)
rNeg     . . .     Faith    .   v - +2 robe {Archmagi}
rPois    .         Spirit   .   l - +0 helmet
rElec    .         Reflect  .   h - +2 cloak of the Thief {+Fog Slay-2 SInv Stlth+}
rCorr    .         Harm     .   (no gloves)
MR       +....                  z - +0 pair of boots
Stlth    +++.......             (no amulet)
HPRegen  0.18/turn              y - ring of magical power
MPRegen  0.24/turn              g - +6 ring of protection

@: very slightly contaminated
A: talons 1, evolution 1
a: Divine Energy, Renounce Religion, Evoke Fog


You were on level 9 of the Dungeon.
You worshipped Sif Muna.
Sif Muna was aware of your devotion.
You were not hungry.

You visited 2 branches of the dungeon, and saw 10 of its levels.
You also visited: Sewer and Ossuary.

You collected 487 gold pieces.

Inventory:

Hand Weapons
 i - a +4 short sword of freezing (weapon)
 k - a +3 dagger of flaming
Missiles
 f - 230 stones (quivered)
Armour
 h - the +2 cloak of the Thief (worn) {+Fog Slay-2 SInv Stlth+}
   (You found it on level 7 of the Dungeon)

   It affects your accuracy and damage with ranged weapons and melee attacks
   (-2).
   It lets you see invisible.
   It makes you more stealthy.
 l - a +0 helmet (worn)
 n - a +0 cloak
 v - a +2 robe of the Archmagi (worn)
 z - a +0 pair of boots (worn)
Jewellery
 b - a +4 ring of dexterity
 g - a +6 ring of protection (right hand)
 y - a ring of magical power (left hand)
Wands
 d - a wand of disintegration (10)
 p - a wand of acid (17)
Scrolls
 a - a scroll of fog
 t - 2 scrolls of remove curse
 w - 3 scrolls of teleportation
 C - a scroll of fear
Potions
 e - 3 potions of flight
 m - 3 potions of brilliance
 q - 5 potions of heal wounds
 r - a potion of agility
 s - 2 potions of curing
 u - a potion of cancellation
 x - 3 potions of haste
 B - 2 potions of invisibility {unknown}
Comestibles
 c - 16 rations
 j - 11 chunks of flesh


   Skills:
 - Level 2.9 Fighting
 - Level 3.3 Short Blades
 - Level 4.5 Armour
 - Level 2.8 Dodging
 - Level 2.8 Stealth
 - Level 10.1 Spellcasting
 - Level 3.0 Conjurations
 - Level 3.0 Hexes
 - Level 6.5 Charms
 + Level 9.5 Fire Magic
 - Level 5.1 Ice Magic
 - Level 2.5 Evocations


You had 2 spell levels left.
You knew the following spells:

 Your Spells              Type           Power        Failure   Level  Hunger
a - Flame Tongue          Conj/Fire      #####        1%          1    None
b - Throw Flame           Conj/Fire      ######       1%          2    None
c - Conjure Flame         Conj/Fire      ######..     1%          3    None
d - Inner Flame           Hex/Fire       ######..     1%          3    None
e - Sticky Flame          Conj/Fire      ######..     4%          4    #......
f - Fireball              Conj/Fire      ######....   12%         5    ####...
g - Bolt of Fire          Conj/Fire      ######....   54%         6    ######.
h - Ozocubu's Armour      Chrm/Ice       ######..     1%          3    None


Dungeon Overview and Level Annotations

Branches:
Dungeon (9/15)             Temple (1/1) D:7             Orc (0/2) D:9
   Lair: D:8-11

Altars:
Ashenzari
Cheibriados
Elyvilon
Fedhas
Hepliaklqana
Makhleb
Nemelex Xobeh
Okawaru
Qazlal
Ru
Sif Muna
Uskayaw
Vehumet
Wu Jian
Yredelemnul
The Shining One

Shops:
D:6 (   D:7 (


Innate Abilities, Weirdness & Mutations

You have sharp toenails.
You evolve.


Message History

The orc warrior appears unharmed.
The orc warrior is almost dead.
The orc warrior hits you but does no damage.
Casting: Throw Flame (safe; 1% risk of failure)
Confirm with . or Enter, or press ? or * to list all spells.
Aiming: Throw Flame (safe; 1% risk of failure)
Press: ? - help, Shift-Dir - straight line, f/p - orc warrior
Aim: an orc warrior, wielding a war axe and wearing a plate armour (almost dead)
You feel a surge of power!
The puff of flame misses the orc warrior.
The orc warrior closely misses you.
Casting: Throw Flame (safe; 1% risk of failure)
Confirm with . or Enter, or press ? or * to list all spells.
Aiming: Flame Tongue (safe; 1% risk of failure)
Press: ? - help, Shift-Dir - straight line, f/p - orc warrior
Aim: an orc warrior, wielding a war axe and wearing a plate armour (almost dead)
You feel a surge of power!
The flame tongue misses the orc warrior.
The orc warrior hits you with a war axe!
You die...

##.## #####......#
##...###...#.###..#
..._.....P...# #..#
##...###...### #..#
##.## ##### #..#
#.# #..# #.# #..#
... #..# .P.
#@)###### ..#
#o()..... .#
............... ..<
........####### ###
#..####.# #. #.#
########## #.#
.......... ...
.......... ...


You could see an orc warrior.

Vanquished Creatures
  A two-headed ogre (D:8)
  Pikel (D:4)
  2 orc sorcerers (D:7)
  A hippogriff (D:7)
  A yak (D:7)
  3 hogs (D:7)
  A human (D:7)
  Edmund (D:5)
  A water moccasin (D:7)
  2 orc warriors (D:9)
  2 ice beasts
  2 slaves (D:4)
  3 black bears
  3 ogres
  A centaur (D:9)
  A bullfrog (D:7)
  A gnoll sergeant (D:5)
  2 water moccasin zombies (Ossuary)
  2 scorpions
  5 wights (D:7)
  A howler monkey (D:5)
  A crimson imp (D:7)
  A centaur zombie (D:8)
  2 centaur skeletons
  A hound (D:8)
  5 orc priests
  6 orc wizards
  2 iguanas
  Jessica (D:3)
  9 worker ants
  A big kobold zombie (Ossuary)
  A hound zombie (D:7)
  2 mummies (Ossuary)
  Robin (D:2)
  10 adders
  6 gnolls
  3 shadow imps
  An ooze (Sewer)
  9 adder zombies
  4 worms
  3 dart slugs
  7 leopard geckos
  40 orcs
  9 giant cockroaches
  16 goblins
  11 hobgoblins
  23 jackals
  21 kobolds
  2 quokkas
  3 ball pythons
  6 bats
  4 frilled lizards
  2 gnoll zombies (Ossuary)
  8 hobgoblin zombies (Ossuary)
  7 kobold zombies (Ossuary)
  A leopard gecko skeleton (D:7)
  A leopard gecko zombie (D:7)
  3 orc zombies (Ossuary)
  A quokka zombie (D:7)
  15 rats
286 creatures vanquished.

Notes
Turn   | Place    | Note
-------+----------+-------------------------------------------
     0 | D:1      | Gildeon the Deep Elf Fire Elementalist began the quest for the Orb.
     0 | D:1      | Reached XP level 1. HP: 10/10 MP: 6/6
   414 | D:1      | Reached XP level 2. HP: 15/15 MP: 8/8
   433 | D:1      | Learned a level 2 spell: Throw Flame
   826 | D:1      | Reached skill level 4 in Spellcasting
  1136 | D:2      | Reached XP level 3. HP: 19/19 MP: 7/10
  1214 | D:2      | Learned a level 3 spell: Conjure Flame
  1218 | D:2      | Learned a level 3 spell: Inner Flame
  1340 | D:2      | Reached skill level 5 in Spellcasting
  1348 | D:2      | Noticed Robin
  1373 | D:2      | Killed Robin
  1378 | D:2      | Reached XP level 4. HP: 23/24 MP: 0/13
  1384 | D:2      | Learned a level 4 spell: Sticky Flame
  2315 | D:3      | Reached skill level 5 in Fire Magic
  2315 | D:3      | Reached XP level 5. HP: 27/28 MP: 8/14
  2947 | D:3      | Reached skill level 1 in Hexes
  3161 | D:3      | Noticed Jessica
  3168 | D:3      | Killed Jessica
  3168 | D:3      | Reached XP level 6. HP: 32/32 MP: 10/16
  3412 | D:3      | Reached skill level 1 in Evocations
  4064 | D:4      | Found a glowing drain.
  4084 | Sewer    | Entered a sewer
  4592 | D:4      | Reached skill level 1 in Armour
  4656 | D:4      | Noticed a slave
  4658 | D:4      | Noticed Pikel
  4658 | D:4      | Noticed a slave
  4658 | D:4      | Noticed a slave
  4659 | D:4      | Noticed a slave
  4671 | D:4      | Killed a slave
  4674 | D:4      | Killed a slave
  4676 | D:4      | Killed Pikel
  4676 | D:4      | Reached XP level 7. HP: 18/36 MP: 7/17
  5220 | D:5      | Entered Level 5 of the Dungeon
  5268 | D:5      | Reached skill level 1 in Fighting
  5268 | D:5      | Reached XP level 8. HP: 30/43 MP: 11/18
  5537 | D:5      | Noticed Edmund
  5553 | D:5      | Killed Edmund
  6238 | D:5      | Found an iron altar of Okawaru.
  6238 | D:5      | Found a stormy altar of Qazlal.
  6401 | D:6      | Found a glowing golden altar of the Shining One.
  6403 | D:6      | Noticed an angel
  6418 | D:6      | Found a basalt altar of Yredelemnul.
  6420 | D:6      | Noticed a profane servitor
  6539 | D:6      | Found Mauckaq's Antique Weapon Boutique.
  6563 | D:6      | Reached skill level 6 in Spellcasting
  6571 | D:6      | Learned a level 5 spell: Fireball
  6614 | D:6      | Found a shattered altar of Ashenzari.
  6627 | D:6      | Identified a scroll of acquirement
  6627 | D:6      | Identified the Tome of the Snowflakes and Flames (You acquired it on level 6 of the Dungeon)
  6696 | D:6      | Reached skill level 7 in Spellcasting
  6717 | D:6      | Learned a level 3 spell: Ozocubu's Armour
  6999 | D:6      | Reached skill level 1 in Ice Magic
  7270 | D:7      | Noticed an orc sorcerer
  7365 | D:7      | Killed an orc sorcerer
  7365 | D:7      | Reached skill level 5 in Ice Magic
  7365 | D:7      | Reached XP level 9. HP: 7/49 MP: 10/21
  7370 | D:7      | Noticed an orc sorcerer
  7627 | D:7      | Noticed a hellwing
  7629 | D:7      | Killed an orc sorcerer
  7629 | D:7      | Reached skill level 5 in Charms
  7733 | D:7      | Found a sacrificial altar of Ru.
  7735 | D:7      | Found the +2 cloak of the Thief {+Fog Slay-2 SInv Stlth+}
  7768 | D:7      | Gained mutation: You evolve. [potion of mutation]
  7768 | D:7      | Gained mutation: You are clumsy. (Dex -2) [potion of mutation]
  7768 | D:7      | Gained mutation: You have sharp toenails. [potion of mutation]
  7875 | D:7      | Reached skill level 8 in Spellcasting
  7952 | D:7      | Reached skill level 9 in Spellcasting
  8365 | D:7      | Learned a level 6 spell: Bolt of Fire
  8372 | D:7      | Found a hazy altar of Hepliaklqana.
  8410 | D:7      | Found a blossoming altar of Fedhas.
  8644 | D:7      | Found the +7 captain's cutlass {speed, disarm}
  8712 | D:7      | Found a staircase to the Ecumenical Temple.
  8723 | D:7      | Reached skill level 10 in Spellcasting
  8759 | Temple   | Entered the Ecumenical Temple
  8831 | Temple   | Became a worshipper of Sif Muna the Loreminder
  8932 | D:7      | Reached XP level 10. HP: 21/55 MP: 4/26
  9207 | D:7      | Found Ucofyn's Antique Weapon Emporium.
  9318 | D:8      | Found a radiant altar of Vehumet.
  9324 | D:8      | Found a sand-covered staircase.
  9329 | Ossuary  | Entered an ossuary
  9880 | D:8      | Reached * piety under Sif Muna
  9881 | D:8      | Found a sparkling altar of Nemelex Xobeh.
 10205 | D:8      | Noticed a two-headed ogre
 10219 | D:8      | Killed a two-headed ogre
 10341 | D:8      | Lost mutation: You are clumsy. (Dex -2) [evolution]
 10892 | D:9      | Found a staircase to the Orcish Mines.
 11025 | D:9      | Noticed a two-headed ogre
 11051 | D:9      | Found a white marble altar of Elyvilon.
 11117 | D:9      | Slain by an orc warrior

Vault maps used:
D:1:      dpeg_arrival_refuge, serial_curves, eino_curves_02, eino_curves_02,
          grunt_decor_clamped
D:2:      uniq_robin
D:3:      grunt_ministairs_5, minmay_misc_feat_pillars, lemuel_flame_loot_1,
          uniq_jessica
D:4:      cheibrodos_sewer_entry_drain, first_ration, uniq_pikel
D:5:      gammafunk_temple_overflow_pools, uniq_edmund
D:6:      grunt_temple_overflow_holy_war, basic_altar, serial_shops, shop,
          kennysheep_generic_room_12
D:7:      cheibrodos_wizards_tower, fedhas_altar_4, lemuel_crystal_altar,
          nicolae_ru_awakened_eye, minmay_temple_entry_statues_fountains,
          serial_shops, shop, minmay_misc_feat_chi, grunt_livestock
D:8:      fiery_altar_vehumet, nemelex_xobeh_ov_fountains_minmay,
          enter_ossuary_5
D:9:      xom_redecorated, elyvilon_altar_1, david_orc_2, serial_shops, shop,
          shop, shop, nicolae_shop_stone
Temple:   minmay_temple_curvy_loop
Sewer:    kennysheep_pipe_town
Ossuary:  ossuary_tomb_2

Skill      XL: |  1  2  3  4  5  6  7  8  9 10 |
---------------+-------------------------------+-----
Spellcasting   | 4 5 7 10 | 10.1
Fire Magic     | 5 6 9 |  9.5
Conjurations   | 3 |  3.0
Hexes          | 2 3 |  3.0
Evocations     | 2 |  2.5
Armour         | 4 |  4.5
Fighting       | 1 2 |  2.9
Short Blades   | 3 |  3.3
Ice Magic      | 5 |  5.1
Charms         | 6 |  6.5
Dodging        | |  2.8
Stealth        | |  2.8

Action                   |  1- 3 |  4- 6 |  7- 9 | 10-12 || total
-------------------------+-------+-------+-------+-------++-------
Melee: Dagger            |     5 |       |    10 |       ||    15
       Short sword       |    12 |    45 |    19 |    32 ||   108
Throw: Stone             |     1 |     2 |       |       ||     3
 Cast: Flame Tongue      |    57 |   173 |   228 |   140 ||   598
       Fireball          |       |       |     5 |     1 ||     6
       Ozocubu's Armour  |       |       |     3 |     1 ||     4
       Throw Flame       |       |       |     3 |    43 ||    46
       Sticky Flame      |       |       |     2 |     5 ||     7
Evoke: Wand              |       |     3 |     6 |       ||     9
  Use: Scroll            |       |    11 |    12 |     7 ||    30
       Potion            |       |       |     5 |     6 ||    11
 Stab: Sleeping          |     5 |     6 |     1 |     3 ||    15
  Eat: Chunk             |     1 |     6 |     7 |     1 ||    15
       Ration            |       |     2 |     2 |     1 ||     5
Armor: Robe              |    15 |    44 |    53 |    48 ||   160
Dodge: Dodged            |    23 |    62 |   129 |    69 ||   283

Table legend:
 A = Spawn XP
 B = Non-spawn XP
 C = Spawn XP percentage of total XP
 D = Spawn monster count
 E = Non-spawn monster count
 F = Spawn count percentage of total count
 G = Total turns spent on level
                    A         B        C        D         E        F      G
               +---------+---------+-------+---------+---------+-------+---------
         Total |       0 |    8256 |   0.0 |       0 |     284 |   0.0 | 11117
               +---------+---------+-------+---------+---------+-------+---------
           D:1 |       0 |      37 |   0.0 |       0 |      23 |   0.0 |  1086
           D:2 |       0 |      99 |   0.0 |       0 |      36 |   0.0 |  1025
           D:3 |       0 |     357 |   0.0 |       0 |      41 |   0.0 |  1580
           D:4 |       0 |     874 |   0.0 |       0 |      14 |   0.0 |  1510
           D:5 |       0 |     643 |   0.0 |       0 |      26 |   0.0 |   721
           D:6 |       0 |     463 |   0.0 |       0 |      21 |   0.0 |  1275
           D:7 |       0 |    3514 |   0.0 |       0 |      28 |   0.0 |  1553
           D:8 |       0 |    1245 |   0.0 |       0 |      14 |   0.0 |   979
           D:9 |       0 |     720 |   0.0 |       0 |      24 |   0.0 |   403
         Sewer |       0 |      34 |   0.0 |       0 |      24 |   0.0 |   393
       Ossuary |       0 |     270 |   0.0 |       0 |      33 |   0.0 |   474
               +---------+---------+-------+---------+---------+-------+---------
